 Dungeon Sprint DCSS version 0.22-a0-40-g3d2f077 (webtiles) character file.

88 Faca the Covered (level 4, -2/41 HPs)
             Began as a Barachi Fighter on Jan 4, 2018.
             Slain by an ogre
             ... wielding a +0 giant club
              (12 damage)
             ... in the Dungeon (Sprint IX: "|||||||||||||||||||||||||||||").
             The game lasted 00:00:34 (56 turns).

Faca the Covered (Barachi Fighter)                    Turns: 56, Time: 00:00:36

Health: -2/41      AC:  7    Str: 19    XL:     4   Next: 53%
Magic:  4/4        EV:  8    Int:  8    God:
Gold:   0          SH: 10    Dex: 11    Spells: 3/3 levels left

rFire    . . .     SeeInvis .   a - +0 long sword
rCold    . . .     Gourm    .   c - +0 shield
rNeg     . . .     Faith    .   b - +0 scale mail
rPois    .         Spirit   .   (no helmet)
rElec    .         Reflect  .   (no cloak)
rCorr    .         Harm     .   (no gloves)
MR       .....     NoTele   +   (no boots)
Stlth    ..........             (no amulet)
HPRegen  0.13/turn              (no ring)
MPRegen  0.09/turn              (no ring)

@: slow
A: +LOS, swims, slowness 1, strong legs 1
a: Hop


You were in the Dungeon.
You were not hungry.

You visited 1 branch

Inventory:

Hand Weapons
 a - a +0 long sword (weapon)
Armour
 b - a +0 scale mail (worn)
 c - a +0 shield (worn)
Scrolls
 k - a scroll of blinking
Potions
 d - a potion of might
 h - a potion of haste
 i - 2 potions of magic
 j - a potion of berserk rage
Comestibles
 f - a ration


   Skills:
 + Level 6.3 Fighting
 + Level 4.7 Long Blades
 + Level 6.6 Armour
 + Level 0.8 Dodging
 + Level 5.7 Shields


You had 3 spell levels left.
You didn't know any spells.

Dungeon Overview and Level Annotations

Branches:
Dungeon (1/1)

Altars:


Innate Abilities, Weirdness & Mutations

Shadows flee at your approach. (+LOS)
You can swim through water.
You cover ground slowly.
You can hop short distances.


Message History

* * * LOW HITPOINT WARNING * * *
You feel better. The frilled lizard barely misses you.
You miss the frilled lizard. The frilled lizard barely misses you.
You slash the frilled lizard!
You kill the frilled lizard!
The ogre hits you with a giant club!
* * * LOW HITPOINT WARNING * * *
You hit the ogre but do no damage. You block the ogre's attack.
You slash the ogre!
The ogre is moderately wounded.
You block the ogre's attack.
You hit the ogre but do no damage.
The ogre is moderately wounded.
You closely miss the ogre.
The ogre is moderately wounded.
The ogre hits you but does no damage.
You hit the ogre.
The ogre is moderately wounded.
The ogre hits you with a giant club!
You die...

▓.▓
▓.▓
▓.▓
▓)▓
▓.▓
▓.▓
▓.▓
▓.▓
▓@▓
▓O▓
▓.▓
▓.▓
▓.▓
▓.▓
▓.▓
▓+▓


You could see an ogre.

Vanquished Creatures
  A hound (D)
  2 worker ants (D)
  A dart slug (D)
  A leopard gecko (D)
  A goblin (D)
  2 hobgoblins (D)
  A frilled lizard (D)
9 creatures vanquished.

Vanquished Creatures (others)
  A spatial maelstrom (D)
1 creature vanquished.

Grand Total: 10 creatures vanquished

Notes
Turn   | Place    | Note
-------+----------+-------------------------------------------
     0 | D        | Faca the Barachi Fighter began the quest for the Orb.
     0 | D        | Reached XP level 1. HP: 18/18 MP: 1/1
     1 | D        | Banished a spatial maelstrom
    14 | D        | Reached XP level 2. HP: 9/26 MP: 2/2
    22 | D        | Noticed an ogre
    32 | D        | Reached skill level 5 in Fighting
    32 | D        | Reached skill level 5 in Armour
    32 | D        | Reached XP level 3. HP: 3/33 MP: 3/3
    40 | D        | Reached skill level 5 in Shields
    40 | D        | Reached XP level 4. HP: 30/40 MP: 4/4
    56 | D        | Slain by an ogre

Vault maps used:
D:        linesprint

Skill      XL: |  1  2  3 |
---------------+----------+-----
Fighting       | 4 5 6 |  6.3
Armour         | 4 5 6 |  6.6
Shields        | 4 5 |  5.7
Long Blades    | 3 4 |  4.7
Dodging        | |  0.8

Action                   |  1- 3 |  4- 6 || total
-------------------------+-------+-------++-------
Melee: Long sword        |    29 |    15 ||    44
  Use: Potion            |     1 |     1 ||     2
Armor: Scale mail        |    12 |     1 ||    13
Dodge: Dodged            |     6 |     3 ||     9
Block: Shield            |    13 |     7 ||    20
       Rpst.: Long sword |       |     1 ||     1

Table legend:
 A = Spawn XP
 B = Non-spawn XP
 C = Spawn XP percentage of total XP
 D = Spawn monster count
 E = Non-spawn monster count
 F = Spawn count percentage of total count
 G = Total turns spent on level
                    A         B        C        D         E        F      G
               +---------+---------+-------+---------+---------+-------+---------
         Total |       0 |     126 |   0.0 |       0 |       9 |   0.0 |    56
               +---------+---------+-------+---------+---------+-------+---------
             D |       0 |     126 |   0.0 |       0 |       9 |   0.0 |    56
               +---------+---------+-------+---------+---------+-------+---------
